 Dungeon Crawl Stone Soup version 0.27.1-35-g4d5d836560 (webtiles) character file.

Game seed: 10379126404389518556

7 cbfl8 the Sneak (level 1, 0/19 HPs)
             Began as a Minotaur Delver on Apr 16, 2022.
             Slain by a hobgoblin (5 damage)
             ... led by Robin
             ... on level 4 of the Dungeon.
             The game lasted 00:00:39 (243 turns).

cbfl8 the Sneak (Minotaur Delver)                    Turns: 243, Time: 00:00:40

Health: 0/19       AC:  5    Str: 16    XL:     1   Next: 83%
Magic:  0/0        EV: 11    Int:  7    God:
Gold:   0          SH:  0    Dex: 11    Spells: 0/0 levels left

rFire    . . .     SeeInvis .   a - +0 falchion
rCold    . . .     Faith    .   (no shield)
rNeg     . . .     Spirit   .   d - +0 ring mail
rPois    .         Reflect  .   (helmet restricted)
rElec    .         Harm     .   (no cloak)
rCorr    .         Rampage  .   (no gloves)
Will     .....                  (no boots)
Stlth    ++........             (no amulet)
HPRegen  0.06/turn              (no ring)
MPRegen  0.07/turn              (no ring)

@: no status effects
A: horns 2, retaliatory headbutt
a: no special abilities


You were on level 4 of the Dungeon.
You visited 1 branch of the dungeon, and saw 3 of its levels.

Inventory:

Hand Weapons
 a - a +0 falchion (weapon)
Armour
 b - a +0 leather armour
 d - a +0 ring mail (worn)
Wands
 g - a wand of digging (3)
Scrolls
 c - a scroll of fog
 e - a scroll of fear
Potions
 f - a potion of haste


   Skills:
 + Level 3.6 Fighting
 + Level 2.6 Long Blades
 + Level 2.1 Dodging
 + Level 4.3 Stealth


You couldn't memorise any spells.
You didn't know any spells.
Your spell library was empty.

Dungeon Overview and Level Annotations

Branches:
Dungeon (6/15)
 Temple: D:4-7

Altars:

Annotations:
D:4 Robin
D:6 Maggie


Innate Abilities, Weirdness & Mutations

You have a pair of horns on your head.
You reflexively headbutt those who attack you in melee.


Message History

You kill the goblin!
The goblin shoots a stone.
The stone barely misses you. The goblin barely misses you.
The goblin completely misses you.
You riposte.
Your ring mail prevents you from hitting the goblin.
The goblin hits you but does no damage.
You hit the goblin but do no damage.
The giant cockroach bites you but does no damage.
The goblin barely misses you.
The hobgoblin hits you but does no damage.
The goblin closely misses you. The goblin barely misses you.
You furiously retaliate!
You headbutt the goblin.
You kill the goblin!
The goblin barely misses you. You furiously retaliate!
You headbutt the goblin!
You kill the goblin!
The goblin hits you but does no damage. The giant cockroach bites you.
You barely miss the goblin. Your headbutt misses the goblin.
The goblin hits you but does no damage.
The hobgoblin hits you but does no damage.
A dart slug comes into view.
Robin throws the goblin at you! The giant cockroach barely misses you.
You furiously retaliate!
You headbutt the giant cockroach!
You kill the giant cockroach!
The goblin barely misses you. The hobgoblin hits you.
The goblin hits you but does no damage.
Robin roars a battlecry!
The goblins go into a battle-frenzy!
The hobgoblin hits you.
* * * LOW HITPOINT WARNING * * *
The goblin unwields a +0 hunting sling.
The goblin wields a +0 dagger.
The goblin hits you but does no damage.
The hobgoblin shouts!
Things that are here:
a +0 club; a goblin corpse You slash Robin!
Robin is heavily wounded.
The hobgoblin closely misses you.
You riposte.
You hit the hobgoblin.
The hobgoblin is moderately wounded.
The goblin hits you but does no damage. Robin hits you but does no damage.
The hobgoblin closely misses you. The hobgoblin hits you.
You die...

#...........g
#............
#########............
.......##....w...!...
.....................
.......##.......g.######
#>.....................:
#.....>........gg.......
#..............g@g......
#..............ggg......
#...............).......
#........#########......
#........# #####.
##.......


You could see Robin, a dart slug, 3 hobgoblins and 4 goblins.

Vanquished Creatures
  A giant cockroach (D:4)
  4 goblins (D:4)
5 creatures vanquished.

Notes
Turn   | Place    | Note
-------+----------+-------------------------------------------
     0 | D:5      | cbfl8 the Minotaur Delver began the quest for the Orb.
     0 | D:5      | Reached XP level 1. HP: 19/19 MP: 0/0
    10 | D:6      | Noticed Maggie
    10 | D:6      | Noticed a sky beast
    10 | D:6      | Noticed a hound
   226 | D:4      | Noticed Robin
   243 | D:4      | Slain by a hobgoblin

Illustrated notes

Levels and vault maps discovered:
D:4:      layout_basic, grunt_dithmenos_smoke, grunt_decor_fettered,
          kennysheep_generic_room_5, uniq_robin, uniq_menkaure,
          uniq_blork_the_orc
D:5:      layout_basic, uniq_duvessa, uniq_edmund
D:6:      layout_rooms, lemuel_round_altar, mainiacjoe_overflow_alcove_2,
          kennysheep_little_box, serial_shops, nicolae_shop_window_shopping,
          uniq_maggie, uniq_grinder

Action                   || total
-------------------------++-------
Melee: Falchion          ||     6
  Use: Scroll            ||     1
Armor: Ring mail         ||    19
Dodge: Dodged            ||    18
       Rpst.: Falchion   ||     4
